 Dungeon Crawl Stone Soup version 0.13.0-13-g27bfa31 (webtiles) character file.

175 HungrySpirit the Chopper (level 3, -10/29 HPs)
             Began as a Draconian Death Knight on Oct 19, 2013.
             Was a Follower of Yredelemnul.
             Mangled by a sixfirhy (12 damage)
             ... on Level 1 of the Abyss.
             The game lasted 00:03:41 (2021 turns).

HungrySpirit the Chopper (Draconian Death Knight)   Turns: 2021, Time: 00:03:41

HP -10/29        AC  5     Str 15      XL: 3   Next: 66%
MP   5/5         EV 12     Int 11      God: Yredelemnul [*.....]
Gold 121         SH  0     Dex 11      Spells:  0 memorised,  2 levels left

Res.Fire  : . . .   See Invis. : .   a - +1 hand axe {=f}
Res.Cold  : . . .   Warding    : .   (armour unavailable)
Life Prot.: . . .   Conserve   : .   (no shield)
Res.Poison: .       Res.Corr.  : .   (helmet restricted)
Res.Elec. : .       Clarity    : .   (no cloak)
Sust.Abil.: . .     Spirit.Shd : .   (no gloves)
Res.Mut.  : .       Stasis     : .   (no boots)
Res.Rott. : .       Flight     : .   (no amulet)
Saprovore : . . .                    (no ring)
                                     (no ring)

@: not resistant to hostile enchantments, unstealthy
A: unfitting armour, AC +5
a: Animate Remains, Renounce Religion


You were on level 1 of the Abyss.
You worshipped Yredelemnul.
Yredelemnul was aware of your devotion.
You were not hungry.

You visited 1 branch of the dungeon, and saw 3 of its levels.
You visited the Abyss 1 time.

You collected 101 gold pieces.

Inventory:

Hand weapons
 a - a +1,+1 hand axe (weapon) {=f}
Comestibles
 c - 2 bread rations
 m - an apple
Scrolls
 b - 2 scrolls of identify {unknown}
 d - a scroll of amnesia {unknown}
 e - a scroll of enchant weapon I {unknown}
 f - 4 scrolls of remove curse {unknown}
 g - a scroll of curse jewellery {unknown}
 h - a scroll of blinking {unknown}
 i - 2 scrolls of enchant armour {unknown}
 j - a scroll of curse weapon {unknown}
 k - a scroll of noise {unknown}
Potions
 l - 2 potions of restore abilities {unknown}


   Skills:
 - Level 2.1 Fighting
 + Level 3.5 Axes
 + Level 2.2 Dodging
 - Level 3.0 Invocations


You had 2 spell levels left.
You didn't know any spells.

Dungeon Overview and Level Annotations

Branches:
Dungeon (3/27)

Altars:
Cheibriados
Elyvilon
Xom
Yredelemnul
the Shining One

Annotations:
D:3 Crazy Yiuf


Message History

Your attempt to break free from the starspawn tentacle fails, but you feel that another attempt might succeed.
The starspawn tentacle constricts you.
You escape the starspawn tentacle's grasp.
Tentacles burst from the starspawn's body!
There is an open door here.
A tentacle flies out from the starspawn's body!
Found an apple.
m - an apple
There is an open door here.
Found a flail.
As you open the door, it creaks loudly!
There is an open door here.
A sixfirhy comes into view.
The sixfirhy misses you. The sixfirhy hits you! The sixfirhy shocks you!
* * * LOW HITPOINT WARNING * * *
Found a plate armour.
Unknown command.
The sixfirhy hits you!
You die...
Your body rises from the dead as a mindless zombie.

#. #.#. #.####.##
#'.....###
##.......'# ##
##.........## #.#
##........... #
#..
#.#........#..##
#.##.#...........
#.@4[.......#..
...
####..........#..
# '..#........
.## ##......#
..##. #.........#
. #.).....# # #.


You could see a sixfirhy.

Vanquished Creatures
  A crimson imp (D:3)
  An ooze (D:2)
  A giant cockroach (D:2)
  2 goblins (D:1)
  3 hobgoblins (D:2)
  A quokka (D:3)
  A bat (D:3)
  2 giant newts (D:2)
  4 kobolds (D:1)
  6 rats
22 creatures vanquished.

Vanquished Creatures (others)
  6 starspawn tentacles (Abyss:1)
  18 starspawn tentacle segments (Abyss:1)
24 creatures vanquished.

Grand Total: 46 creatures vanquished

Notes
Turn   | Place    | Note
--------------------------------------------------------------
     0 | D:1      | HungrySpirit, the Draconian Death Knight, began the quest for the Orb.
     0 | D:1      | Reached XP level 1. HP: 17/17 MP: 2/2
   777 | D:1      | Reached XP level 2. HP: 22/24 MP: 4/4
  1241 | D:2      | Found a shimmering altar of Xom.
  1245 | D:2      | Found a white marble altar of Elyvilon.
  1245 | D:2      | Found a glowing golden altar of the Shining One.
  1250 | D:2      | Found a basalt altar of Yredelemnul.
  1252 | D:2      | Found a snail-covered altar of Cheibriados.
  1757 | D:3      | Reached XP level 3. HP: 14/29 MP: 5/5
  1951 | D:3      | Noticed Crazy Yiuf
  1959 | D:3      | Cast into the Abyss (Crazy Yiuf)
  1971 | Abyss:1  | Noticed a tentacled starspawn
  2015 | Abyss:1  | Noticed a sixfirhy
  2021 | Abyss:1  | Mangled by a sixfirhy

Action                   || total
-------------------------++-------
Melee: Hand axe          ||    89
